 Dungeon Crawl Stone Soup version 0.21-a0-352-g5b8f553 (webtiles) character file.

1699962 GordonOverkill the Conqueror (level 27, 273/273 HPs)
             Began as a Minotaur Enchanter on Oct 10, 2017.
             Was the Champion of Trog.
             Escaped with the Orb
             ... and 3 runes!
             The game lasted 03:00:19 (68997 turns).

GordonOverkill the Conqueror (Minotaur Enchanter)  Turns: 68997, Time: 03:00:20

Health: 273/273    AC: 51    Str: 23    XL:     27
Magic:  9/9        EV: 24    Int: 13    God:    Trog [******]
Gold:   9893       SH: 34    Dex: 18    Spells: 28/28 levels left

rFire    + . .     SeeInvis .   B - +6 broad axe (antimagic)
rCold    + + +     Gourm    .   U - +2 large shield {AC+3}
rNeg     + . .     Faith    .   J - +7 gold dragon scales
rPois    +         Spirit   .   K - +1 hat {MR+}
rElec    .         Reflect  +   g - +2 cloak {+Inv}
rCorr    .         Harm     .   f - +3 pair of gloves "Wogior" {rN+ Stlth+}
MR       +++..                  t - +2 pair of boots
Stlth    ..........             Y - +5 amulet of reflection
HPRegen  0.95/turn              b - ring of Xoguac {rC+ Int+5 Dex+2}
MPRegen  0.11/turn              Q - +5 ring of evasion

@: no status effects
A: retaliatory headbutt, horns 2, repulsion field 1, agile 1, blurry vision 2,
cold resistance 1, dopey 2, regeneration 1
0: Orb of Zot
}: 3/15 runes: barnacled, silver, gossamer
a: Berserk, Trog's Hand, Brothers in Arms, Burn Spellbooks, Renounce Religion,
Evoke Invisibility


You escaped.
You worshipped Trog.
Trog was exalted by your worship.
You were not hungry.

You visited 10 branches of the dungeon, and saw 50 of its levels.
You also visited: Labyrinth, Trove, Ice Cave and Wizlab.

You collected 11125 gold pieces.
You spent 1232 gold pieces at shops.

Inventory:

Hand Weapons
 B - a +6 antimagic broad axe (weapon)
 V - a +9 vampiric broad axe
Missiles
 I - 14 throwing nets (quivered)
Armour
 f - the +3 pair of gloves "Wogior" (worn) {rN+ Stlth+}
   (You found it in a labyrinth)

   It protects you from negative energy.
   It makes you more stealthy.
 g - a +2 cloak of invisibility (worn)
 t - a +2 pair of boots (worn)
 J - +7 gold dragon scales (worn)
 K - a +1 hat of magic resistance (worn)
 U - a +2 large shield of protection (worn)
Jewellery
 b - the ring of Xoguac (left hand) {rC+ Int+5 Dex+2}
   (You found it on level 3 of the Elven Halls)

   [ring of protection from cold]

   It affects your intelligence (+5).
   It affects your dexterity (+2).
   It protects you from cold.
 Q - a +5 ring of evasion (right hand)
 Y - a +5 amulet of reflection (around neck)
Wands
 k - a wand of acid (5/15)
 q - a wand of paralysis (7/24)
 s - a wand of acid (8/15)
 u - a wand of iceblast (4/15)
 v - a wand of lightning (5/15)
 y - a wand of paralysis (14/24)
 D - a wand of digging (0/24)
 L - a wand of paralysis (8/24)
 W - a wand of digging (12/24)
Scrolls
 c - a scroll of brand weapon
 e - 18 scrolls of teleportation
 h - 5 scrolls of blinking
 j - 26 scrolls of remove curse
 n - 5 scrolls of identify
 o - 11 scrolls of recharging
 x - 2 scrolls of silence
 A - 10 scrolls of magic mapping
 F - 5 scrolls of fog
 G - 6 scrolls of summoning
 M - 8 scrolls of fear
Potions
 a - 7 potions of lignification
 i - 3 potions of haste
 m - 6 potions of agility
 z - 20 potions of curing
 C - 7 potions of flight
 E - 9 potions of heal wounds
 H - 11 potions of ambrosia
 N - 3 potions of berserk rage
 P - 3 potions of cancellation
 R - 7 potions of invisibility
 T - 2 potions of might
Comestibles
 d - 27 bread rations
 l - 2 chunks of flesh
 r - 13 royal jellies


   Skills:
 O Level 27 Fighting
   Level 1.1 Short Blades
 - Level 18.0 Axes
 O Level 27 Armour
 + Level 17.9 Dodging
 - Level 2.4 Stealth
 O Level 27 Shields
 - Level 1.3 Spellcasting
   Level 2.0 Hexes
 - Level 10.2 Evocations


You had 28 spell levels left.
You didn't know any spells.

Dungeon Overview and Level Annotations

Branches:
Dungeon (15/15)            Temple (1/1) D:6            Lair (6/6) D:10
 Shoals (4/4) Lair:2       Spider (4/4) Lair:3        Slime (0/5) Lair:6
    Orc (2/2) D:10            Elf (3/3) Orc:2        Vaults (5/5) D:14
  Crypt (0/3) Vaults:3     Depths (5/5) D:15            Zot (5/5) Depths:5

Altars:
Ashenzari
Cheibriados
Dithmenos
Elyvilon
Fedhas
Gozag
Hepliaklqana
Kikubaaqudgha
Makhleb
Nemelex Xobeh
Okawaru
Qazlal
Ru
Sif Muna
Trog
Uskayaw
Vehumet
Wu Jian
Xom
Yredelemnul
Zin
The Shining One
Beogh
Jiyva

Shops:
D:6 !   D:8 (   Orc:2 ((*[   Elf:2 [   Shoals:1 %   Shoals:2 %   Shoals:4 *??
Vaults:1 (   Vaults:2 (   Vaults:5 (   Depths:1 (=

Portals:
Hell: Depths:1 Depths:2 Depths:3 Depths:4 Depths:5
Abyss: Depths:1 Depths:4
Pandemonium: Depths:3
Ziggurat: Depths:3

Annotations:
Zot:5 1 exclusion


Innate Abilities, Weirdness & Mutations

You reflexively headbutt those who attack you in melee.
You have a pair of horns on your head.
You are surrounded by a mild repulsion field. (EV +2)
You are agile. (Dex +2)
Scrolls take you longer to read.
Your flesh is cold resistant. (rC+)
You are very dopey. (Int -4)
Your natural rate of healing is unusually fast.


Message History

The hell beast is severely wounded.
You block the hell beast's attack. x2
You slash the hell beast!
You headbutt the hell beast, but do no damage.
The hell beast is almost dead.
You block the hell beast's attack. The hell beast completely misses you.
You hit the hell beast but do no damage.
Your headbutt misses the hell beast.
The hell beast is almost dead.
You block the hell beast's attack. x2
You slash the hell beast!
You kill the hell beast!
Trog accepts your kill.
No target in view!
No target in view!
There is a stone staircase leading up here.
You climb upwards.
There is a stone staircase leading down here.
There is a staircase leading out of the dungeon here.
You have escaped!

#....###.#...÷.......#.##.#
#......#.#...........#....#
####...#.#.8..8.8..8.#....#
#...#.#.......(...#....##
#...'.#...........#.....#####
#...#.#...........#.###.##...
#...#.#...........#.# #..#...
#...#.#...........#.# #......
#...#.......@.......# #..)...
#...#.#...........#.# #...###
#...#.#...........#.# #...#
##'##.#...........#.# #...#
#.##.#...........#.# #...#
#.##.#..[........#.# #...##
#.##.#.8..8.8..8.#.# #....#
#.##.#...........#.######.##
#.##.#...÷.......#..........


There were no monsters in sight!

Vanquished Creatures
  3 orbs of fire (Zot:5)
  5 ancient liches
  Mennas (Depths:3)
  Boris (Vaults:2)
  2 curse toes
  6 Killer Klowns (Zot:5)
  Margery (Depths:2)
  8 golden dragons
  3 bone dragons (Depths:5)
  A pandemonium lord (Depths:1)
  2 Brimstone Fiends
  A Tzitzimitl (Depths:4)
  An electric golem (Zot:5)
  2 liches
  Jorgrun (Depths:2)
  A Hell Sentinel (Zot:1)
  26 Orb Guardians
  6 tentacled monstrosities
  A deep elf blademaster (Elf:3)
  6 titans
  Gastronok (Lair:2)
  5 quicksilver dragons
  An Executioner (D:8)
  Polyphemus (Shoals:2)
  Frances (Shoals:2)
  Agnes (Elf:2)
  5 death cobs
  5 sphinxes
  15 storm dragons
  12 shadow dragons
  6 tengu reavers
  A storm dragon (shapeshifter) (Vaults:2)
  8 draconian monks
  Ilsuiw (Shoals:4)
  Donald (Vaults:3)
  Roxanne (Elf:3)
  8 frost giants
  7 fire giants
  3 iron dragons (Vaults:5)
  5 draconian knights
  6 deep elf sorcerers
  6 ghost moths
  A juggernaut zombie (Depths:1)
  3 daevas (Depths:3)
  An orc warlord (Orc:1)
  7 draconian scorchers
  2 deep elf elementalists
  Louise (D:14)
  A draconian stormcaller (Zot:3)
  A caustic shrike zombie (WizLab)
  2 emperor scorpions (Spider:4)
  11 ironheart preservers
  11 vault wardens
  Aizul (Vaults:2)
  6 draconian shifters
  2 war gargoyles
  2 angels (Depths:3)
  A spriggan defender (Depths:5)
  3 draconian annihilators
  A juggernaut skeleton (Depths:1)
  19 very ugly things
  19 stone giants
  2 entropy weavers
  Azrael (Elf:1)
  9 green draconians
  5 deep elf demonologists
  11 yellow draconians
  3 vampire knights
  9 white draconians
  9 spark wasps
  13 deep elf annihilators
  5 dire elephants (Lair:6)
  14 black draconians
  10 red draconians
  2 eidola (Depths:4)
  10 deep elf death magi
  8 purple draconians
  2 mummy priests (WizLab)
  A minotaur (Lab)
  14 yaktaur captains
  Snorg (Lair:6)
  13 ettins
  6 merfolk javelineers
  8 merfolk impalers
  10 fire dragons
  A quicksilver dragon zombie (D:15)
  10 great orbs of eyes
  4 deep elf high priests
  7 ice dragons
  27 vault guards
  The ghost of dricus the Impaler, a journeyman MfGl of Cheibriados (IceCv)
  Fannar (Lair:2)
  4 rakshasas
  8 hydras
  4 spriggan air magi
  A hell beast (D:2)
  Erica (Lair:2)
  An anaconda (Lair:6)
  5 merfolk aquamancers
  7 merfolk avatars
  An alligator snapping turtle (Shoals:4)
  6 centaur warriors
  50 two-headed ogres
  5 death yaks
  13 ogre magi
  14 deep troll shamans
  5 death knights
  36 dancing weapons
  2 vampire magi
  12 deep troll earth magi
  Urug (D:11)
  2 satyrs
  7 tengu warriors
  3 small abominations
  2 spriggan berserkers
  A sun demon (D:2)
  18 deep elf knights
  4 soul eaters
  8 hell knights
  7 skeletal warriors
  A sixfirhy (Depths:1)
  7 iron trolls
  3 shadow wraiths
  An unseen horror (D:12)
  A swamp dragon (Zot:1)
  5 cherubim (Depths:3)
  13 sea snakes
  A torturous demonspawn (D:14)
  7 glowing orange brains
  25 deep trolls
  2 orange crystal statues (Depths:4)
  9 wizards
  A flayed ghost (Vaults:4)
  2 death drakes (Depths:4)
  A spectral hydra (Depths:4)
  7 phantasmal warriors
  5 deep elf archers
  3 infernal demonspawn
  A sea snake (shapeshifter) (Depths:3)
  A spectral minotaur (Depths:4)
  13 orc knights
  A shadow dragon zombie (Vaults:5)
  26 harpies
  13 ironbrand convokers
  2 harpies (shapeshifter)
  11 necromancers
  2 stone giant zombies (Vaults:5)
  16 orb spiders
  A mana viper (Depths:4)
  11 cyclopes
  38 deep elf magi
  4 orc sorcerers
  33 wolf spiders
  8 manticores
  An orb spider (shapeshifter) (D:14)
  27 ugly things
  A faun (shapeshifter) (Vaults:2)
  4 black mambas
  A fire giant skeleton (D:15)
  3 ice statues (IceCv)
  10 fauns
  6 merfolk sirens
  4 demonspawn zombies (WizLab)
  19 moths of wrath
  Joseph (D:8)
  5 elephants
  18 vault sentinels
  3 gargoyles
  5 water nymphs
  A kobold demonologist (D:15)
  A yaktaur zombie (WizLab)
  3 torpor snails
  14 demonic crawlers
  3 spriggan zombies
  2 hellions
  A centaur skeleton (D:14)
  2 storm dragon simulacra
  8 spiny frogs
  45 yaktaurs
  2 rime drakes
  4 komodo dragons
  A rime drake (shapeshifter) (Depths:1)
  2 yaktaurs (shapeshifter)
  6 freezing wraiths
  5 spectral merfolk (Depths:4)
  An ice devil (Depths:1)
  An anaconda simulacrum (Depths:4)
  A hellwing (Depths:1)
  3 tengu conjurers
  4 guardian mummies (WizLab)
  5 large abominations
  A queen bee (D:14)
  12 hornets
  2 jumping spiders (shapeshifter)
  A polar bear (shapeshifter) (Vaults:3)
  15 trolls
  21 jumping spiders
  48 merfolk
  3 meliai (Spider:4)
  A queen bee (shapeshifter) (Depths:3)
  3 red devils
  A polar bear (Lair:4)
  3 wind drakes
  A wind drake (shapeshifter) (Vaults:1)
  2 raiju (Depths:4)
  2 hornets (shapeshifter)
  Grinder (D:5)
  12 hippogriffs
  A harpy skeleton (D:14)
  A minotaur skeleton (Lab)
  16 blink frogs
  22 slime creatures
  2 deep troll zombies
  A stone giant simulacrum (Vaults:3)
  An ettin zombie (WizLab)
  An ice dragon zombie (WizLab)
  7 dream sheep
  16 snapping turtles
  63 redbacks
  A hippogriff (shapeshifter) (D:14)
  5 vampires (Depths:4)
  5 shadows
  A spriggan (shapeshifter) (Depths:2)
  A spriggan (Depths:5)
  17 water elementals
  9 air elementals
  35 tarantellas
  2 wyverns
  3 basilisks
  Sigmund (D:5)
  9 wraiths
  A hog (shapeshifter) (Vaults:4)
  9 fire elementals
  Grum (D:11)
  10 hungry ghosts
  2 chaos spawn
  33 yaks
  A human (shapeshifter) (Vaults:1)
  4 vampire mosquitoes
  Menkaure (D:5)
  6 wargs
  2 human zombies
  A swamp worm (shapeshifter) (Elf:3)
  An acid dragon (Vaults:1)
  6 porcupines
  9 water moccasins
  44 orc warriors
  9 hell hounds
  A minotaur simulacrum (Depths:4)
  4 spectral spriggans (Depths:4)
  A floating eye (Depths:4)
  A spectral troll (Depths:4)
  A black bear (Lair:2)
  5 eyes of draining
  5 sky beasts
  A snapping turtle zombie (Depths:4)
  12 ice beasts
  2 eyes of draining (shapeshifter)
  A necrophage (D:11)
  2 phantoms
  3 boggarts (Vaults:1)
  8 wolves
  50 ogres
  11 centaurs
  5 crocodiles
  5 big kobolds
  2 earth elementals (Elf:1)
  11 bullfrogs
  4 scorpions
  A spectral ogre (Depths:4)
  3 spectral nagas (Depths:4)
  33 killer bees
  An orc simulacrum (Vaults:1)
  A human simulacrum (Vaults:1)
  2 howler monkeys
  23 wights
  7 electric eels
  10 crimson imps
  4 jellies
  2 bullfrog zombies
  A quasit (D:9)
  19 orc priests
  2 bullfrog skeletons
  2 hounds
  5 centaur zombies
  29 orc wizards
  Crazy Yiuf (D:5)
  An iron imp (Depths:2)
  4 iguanas
  7 worker ants
  2 hell rats (Lair:1)
  A troll simulacrum (Depths:4)
  A worker ant zombie (D:10)
  A gnoll (D:5)
  A howler monkey skeleton (D:7)
  A naga simulacrum (Depths:4)
  12 adders
  5 river rats (Lair:1)
  2 shadow imps
  An ufetubus (Zot:5)
  An ooze (D:7)
  2 adder skeletons
  3 worms
  3 dart slugs
  5 leopard geckos
  145 orcs
  4 goblins
  6 hobgoblins
  A jackal (D:3)
  27 kobolds
  3 quokkas
  6 bats
  2 frilled lizards (D:2)
  7 rats
  8 crawling corpses
  A fungus (Spider:2)
  24 plants
2273 creatures vanquished.

Vanquished Creatures (collateral kills)
  Mara (Vaults:2)
  An emperor scorpion (Spider:4)
  An angel (Depths:3)
  A catoblepas (Shoals:2)
  3 death yaks (Shoals:2)
  A cherub (Depths:3)
  A sea snake (Shoals:2)
  A moth of wrath (Spider:4)
  2 hornets (Spider:4)
  An acid dragon (D:11)
13 creatures vanquished.

Vanquished Creatures (others)
  A titan (Vaults:5)
  A deep elf master archer (Elf:3)
  A shadow dragon (Vaults:5)
  A draconian monk (Zot:4)
  A vault warden (Vaults:5)
  A stone giant (Vaults:4)
  A red draconian (Zot:3)
  A merfolk javelineer (Shoals:3)
  3 yaktaur captains
  A deep elf high priest (Vaults:5)
  5 vault guards
  A merfolk aquamancer (Shoals:3)
  An ogre mage (Orc:2)
  2 centaur warriors
  A satyr (Shoals:3)
  A deep elf archer (Elf:3)
  A deep elf mage (Vaults:5)
  A cyclops (Vaults:2)
  2 fauns (Shoals:3)
  A moth of wrath (Zot:3)
  2 vault sentinels
  A freezing wraith (Vaults:5)
  9 yaktaurs
  A jumping spider (Spider:4)
  5 dream sheep (D:3)
  2 centaurs (Vaults:3)
  A worker ant (D:11)
  2 orcs
  10 fungi
  23 plants
84 creatures vanquished.

Grand Total: 2370 creatures vanquished

Notes
Turn   | Place    | Note
-------+----------+-------------------------------------------
     0 | D:1      | GordonOverkill the Minotaur Enchanter began the quest for the Orb.
     0 | D:1      | Reached XP level 1. HP: 14/14 MP: 1/1
   125 | D:1      | Reached skill level 1 in Fighting
   620 | D:1      | Reached XP level 2. HP: 23/24 MP: 3/3
  1110 | D:2      | Reached XP level 3. HP: 31/31 MP: 4/4
  1415 | D:2      | Reached XP level 4. HP: 39/41 MP: 5/5
  1610 | D:2      | Reached skill level 5 in Fighting
  1950 | D:3      | Found a hide-covered altar of Uskayaw.
  2024 | D:3      | Found a shimmering altar of Xom.
  2024 | D:3      | Noticed a dream sheep
  2024 | D:3      | Noticed a dream sheep
  2024 | D:3      | Noticed a dream sheep
  2024 | D:3      | Noticed a dream sheep
  2024 | D:3      | Noticed a dream sheep
  2029 | D:3      | Killed a dream sheep
  2030 | D:3      | Killed a dream sheep
  2030 | D:3      | Killed a dream sheep
  2030 | D:3      | Killed a dream sheep
  2030 | D:3      | Killed a dream sheep
  2252 | D:3      | Reached skill level 1 in Axes
  2252 | D:3      | Reached XP level 5. HP: 47/48 MP: 6/6
  2378 | D:4      | Got a polished ring mail
  2389 | D:4      | Identified the cursed +0 ring mail "Yzuatsoi" {MR+ Stlth+} (You found it on level 4 of the Dungeon)
  2717 | D:4      | Reached XP level 6. HP: 47/56 MP: 7/7
  2861 | D:4      | Reached skill level 5 in Axes
  3037 | D:4      | Found a radiant altar of Vehumet.
  3037 | D:4      | Found a sacrificial altar of Ru.
  3654 | D:5      | Entered Level 5 of the Dungeon
  3856 | D:5      | Found a runed door.
  3999 | D:5      | Reached XP level 7. HP: 34/61 MP: 8/8
  4198 | D:5      | Noticed Menkaure
  4204 | D:5      | Killed Menkaure
  4247 | D:5      | Noticed Sigmund
  4265 | D:5      | Killed Sigmund
  4514 | D:5      | Reached XP level 8. HP: 36/68 MP: 9/9
  4692 | D:5      | Reached skill level 10 in Axes
  4913 | D:5      | Noticed a troll
  4922 | D:5      | Killed a troll
  5217 | D:5      | Got a slimy rapier {freeze}
  5277 | D:5      | Identified the cursed +3 rapier "Useevym" {freeze, *Contam Dex+6} (You took it off a crimson imp on level 5 of the Dungeon)
  5538 | D:5      | Noticed Grinder
  5547 | D:5      | Paralysed by Grinder for 5 turns
  5567 | D:5      | Killed Grinder
  5715 | D:5      | Gained mutation: Potions are less effective at restoring your health. [mutagenic glow]
  6264 | D:5      | Noticed Crazy Yiuf
  6299 | D:5      | Killed Crazy Yiuf
  6366 | D:6      | Reached XP level 9. HP: 74/74 MP: 10/10
  7132 | D:6      | Found a staircase to the Ecumenical Temple.
  7255 | Temple   | Entered the Ecumenical Temple
  7375 | Temple   | Became a worshipper of Trog the Wrathful
  7552 | D:6      | Found Qaacu's Distillery.
  7555 | D:6      | Bought a potion of heal wounds for 60 gold pieces
  7555 | D:6      | Bought a potion of haste for 120 gold pieces
  7711 | D:7      | Found an ornate altar of the Wu Jian Council.
  8264 | D:7      | Found a blossoming altar of Fedhas.
  8740 | D:7      | Reached * piety under Trog
  8927 | D:7      | Found a shattered altar of Ashenzari.
  8928 | D:7      | Found a basalt altar of Yredelemnul.
  8928 | D:7      | Found an ancient bone altar of Kikubaaqudgha.
  8928 | D:7      | Found a hazy altar of Hepliaklqana.
  8932 | D:7      | Found a burning altar of Makhleb.
  9327 | D:8      | Noticed Joseph
  9339 | D:8      | Noticed a two-headed ogre
  9352 | D:8      | Killed a two-headed ogre
  9352 | D:8      | Reached skill level 15 in Axes
  9352 | D:8      | Reached XP level 10. HP: 46/81 MP: 11/11
  9358 | D:8      | Killed Joseph
  9591 | D:8      | Noticed a two-headed ogre
  9604 | D:8      | Killed a two-headed ogre
  9885 | D:8      | Found Xoxuaxt's Weapon Emporium.
 10386 | D:8      | Noticed a two-headed ogre
 10871 | D:8      | Killed a two-headed ogre
 11101 | D:9      | Found a snail-covered altar of Cheibriados.
 11480 | D:9      | Reached ** piety under Trog
 12150 | D:10     | Entered Level 10 of the Dungeon
 12187 | D:10     | Found a staircase to the Lair.
 12187 | D:10     | Noticed an elephant
 12219 | D:10     | Noticed a two-headed ogre
 12227 | Lair:1   | Entered Level 1 of the Lair of Beasts
 12271 | Lair:1   | Noticed a black mamba
 12280 | Lair:1   | Killed a black mamba
 12285 | Lair:1   | Reached XP level 11. HP: 23/88 MP: 12/12
 12914 | Lair:1   | Reached skill level 1 in Shields
 13157 | Lair:1   | Identified a scroll of acquirement
 13814 | Lair:2   | Noticed Erica
 13844 | Lair:2   | Killed Erica
 13858 | Lair:2   | Found a frozen archway.
 13894 | IceCv    | Entered an ice cave
 13894 | IceCv    | Noticed dricus's ghost (journeyman MfGl)
 13919 | IceCv    | Killed dricus's ghost
 13919 | IceCv    | Reached skill level 5 in Shields
 14066 | IceCv    | Noticed a white ugly thing
 14079 | IceCv    | Killed a white ugly thing
 14884 | IceCv    | Noticed a white ugly thing
 15282 | IceCv    | Killed a white ugly thing
 15495 | IceCv    | Identified Sif Muna's Guide on Feathers and the Frostbite
 15599 | Lair:2   | Noticed Gastronok
 15604 | Lair:2   | Noticed Fannar
 15616 | Lair:2   | Killed Gastronok
 16041 | Lair:2   | Reached XP level 12. HP: 92/103 MP: 13/13
 16065 | Lair:2   | Killed Fannar
 16227 | Lair:2   | Noticed a four-headed hydra
 16236 | Lair:2   | Killed a four-headed hydra
 16236 | Lair:2   | Reached skill level 10 in Shields
 16434 | Lair:2   | Noticed a seven-headed hydra
 16468 | Lair:2   | Killed a seven-headed hydra
 16468 | Lair:2   | Reached *** piety under Trog
 16689 | Lair:2   | Found a staircase to the Shoals.
 16713 | Lair:3   | Found a hole to the Spider Nest.
 16888 | Lair:3   | Found a labyrinth entrance.
 16896 | Lab      | Entered a labyrinth
 17356 | Lab      | Found an exit through the horrors of the Abyss.
 17486 | Lab      | Reached skill level 10 in Fighting
 17786 | Lab      | Noticed a minotaur
 17797 | Lab      | Killed a minotaur
 17958 | Lab      | Got a pair of crude gloves
 17969 | Lab      | Identified the +3 pair of gloves "Wogior" {rN+ Stlth+} (You found it in a labyrinth)
 18098 | Lair:3   | Noticed a seven-headed hydra
 18109 | Lair:3   | Killed a seven-headed hydra
 18336 | Lair:3   | Noticed a seven-headed hydra
 18342 | Lair:3   | Killed a seven-headed hydra
 19034 | Lair:4   | Noticed a seven-headed hydra
 19046 | Lair:4   | Killed a seven-headed hydra
 19257 | Lair:4   | Noticed an eight-headed hydra
 19277 | Lair:4   | Killed an eight-headed hydra
 19947 | Lair:5   | Reached XP level 13. HP: 102/116 MP: 14/14
 20224 | Lair:5   | Reached **** piety under Trog
 20236 | Lair:5   | Received a gift from Trog
 21204 | Lair:6   | Entered Level 6 of the Lair of Beasts
 21204 | Lair:6   | Found a viscous altar of Jiyva.
 21204 | Lair:6   | Found a staircase to the Slime Pits.
 21628 | Lair:6   | Reached skill level 15 in Shields
 21908 | Lair:6   | Noticed Snorg
 21921 | Lair:6   | Killed Snorg
 22718 | Lair:6   | Noticed a dire elephant
 22718 | Lair:6   | Noticed a dire elephant
 22724 | Lair:6   | Noticed a dire elephant
 22735 | Lair:6   | Killed a dire elephant
 22740 | Lair:6   | Killed a dire elephant
 22752 | Lair:6   | Killed a dire elephant
 22975 | Lair:6   | Noticed a dire elephant
 22975 | Lair:6   | Noticed a dire elephant
 22988 | Lair:6   | Killed a dire elephant
 22995 | Lair:6   | Killed a dire elephant
 22995 | Lair:6   | Reached ***** piety under Trog
 23221 | Lair:6   | Found a staircase to the Slime Pits.
 23223 | Lair:6   | Found a viscous altar of Jiyva.
 23893 | D:10     | Reached XP level 14. HP: 130/130 MP: 15/15
 24022 | D:10     | Found a roughly hewn altar of Beogh.
 24022 | D:10     | Found a staircase to the Orcish Mines.
 24573 | D:11     | Noticed Grum
 24575 | D:11     | Noticed Urug
 24589 | D:11     | Killed Grum
 24603 | D:11     | Killed Urug
 25228 | D:11     | Received a gift from Trog
 25658 | D:12     | Reached skill level 15 in Fighting
 26569 | D:12     | Reached skill level 1 in Armour
 27163 | D:13     | Received a gift from Trog
 27940 | D:13     | Reached skill level 5 in Armour
 29187 | D:14     | Found a portal to a secret trove of treasure.
 29424 | D:14     | Found a gate to the Vaults.
 29453 | D:14     | Gained mutation: You tend to lose your temper in combat. [mutagenic meat]
 29456 | D:14     | Gained mutation: Your spells are a little harder to cast, but a little more powerful. [mutagenic meat]
 29457 | D:14     | Lost mutation: Your spells are a little harder to cast, but a little more powerful. [potion of mutation]
 29457 | D:14     | Lost mutation: You tend to lose your temper in combat. [potion of mutation]
 29457 | D:14     | Lost mutation: Potions are less effective at restoring your health. [potion of mutation]
 29457 | D:14     | Gained mutation: You are occasionally teleported next to monsters. [potion of mutation]
 29457 | D:14     | Gained mutation: Scrolls take you a little longer to read. [potion of mutation]
 29457 | D:14     | Gained mutation: You are resistant to hostile enchantments. (MR+) [potion of mutation]
 29616 | D:14     | Received a gift from Trog
 29623 | D:14     | Noticed Louise
 29667 | D:14     | Killed Louise
 29667 | D:14     | Reached XP level 15. HP: 141/141 MP: 16/16
 29836 | D:14     | Received a gift from Trog
 29884 | D:14     | Found a stormy altar of Qazlal.
 30006 | D:15     | Entered Level 15 of the Dungeon
 30724 | D:15     | Found a staircase to the Depths.
 30750 | D:15     | Reached skill level 10 in Armour
 31452 | Orc:1    | Entered Level 1 of the Orcish Mines
 31582 | Orc:2    | Entered Level 2 of the Orcish Mines
 31583 | Orc:2    | Found a staircase to the Elven Halls.
 31610 | Orc:2    | Reached skill level 5 in Dodging
 31614 | Orc:2    | Found a roughly hewn altar of Beogh.
 31649 | Orc:1    | Received a gift from Trog
 31867 | Orc:1    | Noticed an orc warlord
 31886 | Orc:1    | Killed an orc warlord
 32268 | Orc:2    | Found Foguen's General Store.
 32293 | Orc:2    | Reached ****** piety under Trog
 32397 | Orc:2    | Found Yhymonk's Antique Weapon Shop.
 32405 | Orc:2    | Found Vuiz's Armour Emporium.
 32406 | Orc:2    | Found Vorrum's Weapon Emporium.
 32936 | Spider:1 | Entered Level 1 of the Spider Nest
 33003 | Spider:1 | Reached XP level 16. HP: 149/149 MP: 17/17
 33041 | Spider:1 | Received a gift from Trog
 33241 | Spider:1 | Found a runed door.
 33577 | Spider:1 | Reached skill level 10 in Dodging
 33954 | Spider:2 | Reached skill level 1 in Evocations
 34950 | Spider:3 | Received a gift from Trog
 35538 | Spider:3 | Reached skill level 5 in Evocations
 35657 | Spider:4 | Entered Level 4 of the Spider Nest
 36112 | Spider:4 | Received a gift from Trog
 36241 | Spider:4 | Reached XP level 17. HP: 156/156 MP: 20/20
 36955 | Spider:4 | Got a gossamer rune of Zot
 37328 | Vaults:1 | Entered Level 1 of the Vaults
 37414 | Vaults:1 | Received a gift from Trog
 37504 | Vaults:1 | Gained mutation: You are weak. (Str -2) [mutagenic meat]
 37505 | Vaults:1 | Gained mutation: Your natural rate of healing is unusually fast. [mutagenic meat]
 37791 | Vaults:1 | Gained mutation: Your flesh is cold resistant. (rC+) [mutagenic meat]
 37792 | Vaults:1 | Gained mutation: You are agile. (Dex +2) [mutagenic meat]
 37793 | Vaults:1 | Gained mutation: Scrolls take you longer to read. [mutagenic meat]
 37941 | Vaults:1 | Found Duliriyr's Antique Weapon Shoppe.
 38054 | Vaults:1 | Reached skill level 10 in Evocations
 38059 | Vaults:1 | Received a gift from Trog
 38243 | Vaults:1 | Reached XP level 18. HP: 159/165 MP: 24/24
 39260 | Vaults:2 | Received a gift from Trog
 39298 | Vaults:2 | Found Esif's Weapon Shoppe.
 39380 | Vaults:2 | Noticed Boris
 39394 | Vaults:2 | Noticed Mara
 39397 | Vaults:2 | Noticed GordonOverkill's illusion
 39408 | Vaults:2 | Killed Boris
 39644 | Vaults:2 | Noticed GordonOverkill's illusion
 39652 | Vaults:2 | Killed Mara
 39708 | Vaults:2 | Noticed Aizul
 39727 | Vaults:2 | Killed Aizul
 40342 | Vaults:3 | Noticed a Tzitzimitl
 40507 | Vaults:3 | Received a gift from Trog
 40599 | Vaults:3 | Noticed Donald
 40614 | Vaults:3 | Killed Donald
 40733 | Vaults:3 | Reached XP level 19. HP: 180/185 MP: 25/25
 41261 | Vaults:3 | Found a staircase to the Crypt.
 41338 | Vaults:3 | Received a gift from Trog
 42177 | Vaults:3 | Lost mutation: You are weak. (Str -2) [potion of mutation]
 42177 | Vaults:3 | Lost mutation: You are resistant to hostile enchantments. (MR+) [potion of mutation]
 42177 | Vaults:3 | Gained mutation: You are dopey. (Int -2) [potion of mutation]
 42177 | Vaults:3 | Gained mutation: You are surrounded by a mild repulsion field. (EV +2) [potion of mutation]
 42222 | Vaults:4 | Received a gift from Trog
 42247 | Vaults:4 | Got a translucent broad axe {god gift}
 42250 | Vaults:4 | Identified the +2 broad axe of Wakuapp {venom, +Blink Str+3 Int+3 Dex-4} (Trog gifted it to you on level 4 of the Vaults)
 43122 | Vaults:5 | Entered Level 5 of the Vaults
 43330 | Depths:1 | Entered Level 1 of the Depths
 43619 | Depths:1 | Found a shimmering altar of Xom.
 43643 | Depths:1 | Found a one-way gate to the infinite horrors of the Abyss.
 43814 | Depths:1 | Reached XP level 20. HP: 167/204 MP: 26/26
 43900 | Depths:1 | Found Xippur's Jewellery Boutique.
 43918 | Depths:1 | Found Alit's Weapon Shop.
 44154 | Depths:1 | Received a gift from Trog
 44233 | Depths:1 | Found a gateway to Hell.
 44611 | Depths:2 | Paralysed by a great orb of eyes for 7 turns
 44626 | Depths:2 | Found a magical portal.
 44635 | WizLab   | Entered Doroklohe's Tomb
 44949 | WizLab   | Noticed an ancient lich
 44980 | WizLab   | Killed an ancient lich
 45039 | WizLab   | Got an encrusted plate armour
 45044 | WizLab   | Identified the +2 plate armour "Ruofe" {rElec MR+++ Dex-5} (You took it off a mummy priest in a wizard's laboratory)
 45493 | Depths:2 | Received a gift from Trog
 45929 | Depths:2 | Noticed Margery
 45970 | Depths:2 | Killed Margery
 46169 | Depths:2 | Noticed Jorgrun
 46180 | Depths:2 | Killed Jorgrun
 46514 | Depths:3 | Received a gift from Trog
 46547 | Depths:3 | Found a one-way gate leading to the halls of Pandemonium.
 46608 | Depths:3 | Found a gateway to a ziggurat.
 46614 | Depths:3 | Reached XP level 21. HP: 216/216 MP: 27/27
 47546 | Depths:3 | Found a glowing silver altar of Zin.
 47546 | Depths:3 | Noticed Mennas
 47575 | Depths:3 | Killed Mennas
 47593 | Depths:3 | Received a gift from Trog
 47658 | Depths:3 | Reached skill level 27 in Fighting
 47678 | Depths:3 | Got a heavily runed iron amulet
 48145 | Depths:4 | Identified the amulet "Beicwext" {Spirit rC+} (You took it off a cherub on level 3 of the Depths)
 48362 | Depths:4 | Received a gift from Trog
 49261 | Depths:4 | Got a scorched large shield
 49272 | Depths:4 | Identified the +0 large shield "Vyeluk" {-Cast rPois rC+++ SInv} (You acquired it on level 4 of the Depths)
 50227 | Depths:5 | Entered Level 5 of the Depths
 50294 | Depths:5 | Noticed a golden dragon
 50309 | Depths:5 | Killed a golden dragon
 50309 | Depths:5 | Received a gift from Trog
 50309 | Depths:5 | Reached skill level 15 in Armour
 50340 | Depths:5 | Reached XP level 22. HP: 167/225 MP: 28/28
 50555 | Depths:5 | Found a gate to the Realm of Zot.
 50717 | Depths:5 | Received a gift from Trog
 51997 | Shoals:1 | Entered Level 1 of the Shoals
 52096 | Shoals:1 | Found Rizeesty's Food Emporium.
 52909 | Shoals:2 | Received a gift from Trog
 53099 | Shoals:2 | Noticed Frances
 53131 | Shoals:2 | Killed Frances
 53149 | Shoals:2 | Found Ciuddoig's Food Emporium.
 53270 | Shoals:2 | Noticed Polyphemus
 53297 | Shoals:2 | Killed Polyphemus
 54636 | Shoals:4 | Entered Level 4 of the Shoals
 54730 | Shoals:4 | Received a gift from Trog
 54892 | Shoals:4 | Found Alyirid's Assorted Antiques.
 55019 | Shoals:4 | Got a barnacled rune of Zot
 55143 | Shoals:4 | Received a gift from Trog
 55144 | Shoals:4 | Found Gefyw's Magic Scroll Shoppe.
 55164 | Shoals:4 | Bought a scroll of teleportation for 57 gold pieces
 55166 | Shoals:4 | Found Roystri's Magic Scroll Emporium.
 55224 | Shoals:4 | Bought a scroll of silence for 150 gold pieces
 55224 | Shoals:4 | Bought a scroll of fear for 70 gold pieces
 55224 | Shoals:4 | Bought a scroll of teleportation for 60 gold pieces
 55224 | Shoals:4 | Bought a scroll of teleportation for 60 gold pieces
 55224 | Shoals:4 | Bought a scroll of teleportation for 60 gold pieces
 55385 | Shoals:4 | Reached XP level 23. HP: 220/232 MP: 29/29
 55560 | Shoals:4 | Noticed Ilsuiw
 55611 | Shoals:4 | Killed Ilsuiw
 56092 | Elf:1    | Entered Level 1 of the Elven Halls
 56107 | Elf:1    | Noticed Azrael
 56126 | Elf:1    | Killed Azrael
 56438 | Elf:1    | Received a gift from Trog
 56573 | Elf:1    | Identified the Papyrus of Evil Arts
 56714 | Elf:2    | Noticed Agnes
 56900 | Elf:2    | Found a runed gate.
 56900 | Elf:2    | Found a runed gate.
 56900 | Elf:2    | Found a runed gate.
 57008 | Elf:2    | Received a gift from Trog
 57132 | Elf:2    | Killed Agnes
 57351 | Elf:2    | Found Lifoed's Antique Armour Shoppe.
 57596 | Elf:3    | Entered Level 3 of the Elven Halls
 58297 | Elf:3    | Noticed Roxanne
 58312 | Elf:3    | Killed Roxanne
 58487 | Elf:3    | Received a gift from Trog
 58772 | Elf:3    | Got a clouded pewter amulet
 58782 | Elf:3    | Identified the amulet "Famnikhlinuu" {RegenMP rF+} (You found it on level 3 of the Elven Halls)
 58785 | Elf:3    | Got a pitted pewter ring
 58787 | Elf:3    | Identified the ring of Qoguygor {rCorr rPois} (You found it on level 3 of the Elven Halls)
 58793 | Elf:3    | Got steaming gold dragon scales
 58804 | Elf:3    | Identified the +3 gold dragon scales "Zorph" {-Cast rPois rF+ rC+ Int+4} (You found it on level 3 of the Elven Halls)
 58885 | Elf:3    | Found the +7 great mace "Undeadhunter" {disrupt, rN+}
 58891 | Elf:3    | Got a glittering lead ring
 58893 | Elf:3    | Identified the ring of Xoguac {rC+ Int+5 Dex+2} (You found it on level 3 of the Elven Halls)
 59498 | D:14     | You paid a toll of a +4 demon trident to enter a treasure trove
 59499 | Trove    | Entered a treasure trove
 59517 | Trove    | Got a brightly glowing turquoise ring
 59519 | Trove    | Identified the ring "Cajimyh" {Int+5 Dex+2} (You found it in a treasure trove)
 60056 | Vaults:5 | Reached XP level 24. HP: 241/241 MP: 29/29
 60189 | Vaults:5 | Received a gift from Trog
 60237 | Vaults:5 | Noticed an ancient lich
 60425 | Vaults:5 | Killed an ancient lich
 60630 | Vaults:4 | Received a gift from Trog
 61158 | Vaults:5 | Found Redupn's Antique Weapon Shoppe.
 61259 | Vaults:5 | Reached skill level 27 in Armour
 61386 | Vaults:5 | Got a scintillating jade ring
 61389 | Vaults:5 | Identified the ring of Birdsong {Int+2 Dex+4} (You found it on level 5 of the Vaults)
 61392 | Vaults:5 | Got a wavering amber ring
 61394 | Vaults:5 | Identified the ring of Hipten {Wiz rN+ Int+4 Dex-3 Slay+2} (You found it on level 5 of the Vaults)
 61500 | Vaults:5 | Received a gift from Trog
 61816 | Vaults:5 | Got a silver rune of Zot
 62358 | Zot:1    | Entered Level 1 of the Realm of Zot
 62885 | Zot:1    | Reached XP level 25. HP: 243/249 MP: 29/29
 63579 | Zot:2    | Received a gift from Trog
 64125 | Orc:2    | Bought a scroll of enchant armour for 82 gold pieces
 64125 | Orc:2    | Bought a scroll of teleportation for 33 gold pieces
 64228 | D:6      | Bought a potion of curing for 36 gold pieces
 64228 | D:6      | Bought a potion of agility for 48 gold pieces
 64228 | D:6      | Bought a potion of curing for 36 gold pieces
 64228 | D:6      | Bought a potion of agility for 48 gold pieces
 64228 | D:6      | Bought a potion of heal wounds for 60 gold pieces
 64228 | D:6      | Bought a potion of invisibility for 96 gold pieces
 64228 | D:6      | Bought a potion of heal wounds for 60 gold pieces
 64228 | D:6      | Bought a potion of ambrosia for 96 gold pieces
 65732 | Zot:3    | Received a gift from Trog
 66888 | Zot:4    | Reached XP level 26. HP: 258/258 MP: 29/29
 67004 | Zot:5    | Entered Level 5 of the Realm of Zot
 67099 | Zot:5    | Noticed an ancient lich
 67108 | Zot:5    | Noticed an orb of fire
 67273 | Zot:5    | Killed an ancient lich
 67362 | Zot:5    | Noticed an ancient lich
 67372 | Zot:5    | Reached skill level 27 in Shields
 67393 | Zot:5    | Noticed an ancient lich
 67405 | Zot:5    | Killed an ancient lich
 67552 | Zot:5    | Gained mutation: Your magical capacity is low. (-10% MP) [an orb of fire]
 67581 | Zot:5    | Killed an orb of fire
 67680 | Zot:5    | Noticed an orb of fire
 67682 | Zot:5    | Noticed an orb of fire
 67682 | Zot:5    | Lost mutation: Your magical capacity is low. (-10% MP) [an orb of fire]
 67690 | Zot:5    | Lost mutation: You are occasionally teleported next to monsters. [an orb of fire]
 67692 | Zot:5    | Gained mutation: You are very dopey. (Int -4) [an orb of fire]
 67699 | Zot:5    | Killed an orb of fire
 67709 | Zot:5    | Killed an orb of fire
 67739 | Zot:5    | Killed an ancient lich
 67739 | Zot:5    | Reached skill level 15 in Dodging
 68014 | Zot:5    | Got the Orb of Zot
 68046 | Zot:5    | Received a gift from Trog
 68273 | Depths:3 | Reached XP level 27. HP: 113/273 MP: 29/29
 68436 | Depths:2 | Noticed Tiffosi the pandemonium lord
 68463 | Depths:1 | Noticed Rof Kieh the pandemonium lord
 68501 | Depths:1 | Killed Rof Kieh the pandemonium lord
 68997 | D:$      | Escaped with the Orb!

Vault maps used:
D:1:      giann_forest_graveyard
D:3:      marbit_many_paths, first_bread, kb_xom_exploding_sheep
D:4:      gammafunk_temple_overflow_wave
D:5:      kennysheep_windowed_halls, uniq_sigmund, uniq_menkaure,
          uniq_crazy_yiuf_cottage, uniq_grinder
D:6:      minmay_temple_entry_junction_2, serial_shops, kennysheep_mini,
          minmay_misc_feat_rows
D:7:      lemuel_crystal_altar, minitemple, fedhas_altar_2
D:8:      serial_shops, shop, uniq_joseph
D:9:      old_standard_altar
D:10:     david_lair_generic, david_orc_5
D:11:     uniq_urug, uniq_grum
D:13:     special_room
D:14:     david_vaults_2, minmay_misc_feat_tiny, enter_trove_0, david_nohive_1,
          grunt_qazlal_clouds, uniq_louise
D:15:     gammafunk_depths_entry_grave, solitary_fountain
Temple:   jpeg_temple_clearing
Lair:1:   kennysheep_rathole, grunt_megastairs_2, infiniplex_staircase_pool
Lair:2:   minmay_shoals_entry_beasts, portal_ice_cave_entry_pillars_1,
          grunt_megastairs_1, uniq_fannar, uniq_gastronok, uniq_erica
Lair:3:   spider_nest_entry_rubble, lab_entry_generic,
          infiniplex_staircase_pool_2
Lair:5:   columned_hall_lemuel, cheibrodos_lair_caveside_slide,
          beast_lair_carwin_9, lemuel_fruit_tree
Lair:6:   due_jungle_book, slime_altar_1, uniq_snorg
Shoals:1: nicolae_shoals_c_island
Shoals:2: serial_shops, shop_fountains, uniq_polyphemus, uniq_frances
Shoals:4: shoals_end_simple, shoals_ilsuiw_alternative, serial_shops, shop,
          nicolae_shop_behind_doors, nicolae_shop_stone,
          nicolae_shoals_hunting_party
Spider:1: cheibrodos_spider_deadly_dance
Spider:2: spiders_nest_spider_trap
Spider:3: spiders_nest_ghost_moth_duel
Spider:4: spider_rune_water, spider_trap, nicolae_spider_nook
Orc:2:    st_orc_open, basic_altar
Elf:1:    eino_elf_arrival_shootout, minmay_elf_necromancy, uniq_azrael,
          uniq_agnes
Elf:2:    serial_shops, nicolae_shop_window_shopping, minivault_23,
          chequers_big_river
Elf:3:    minmay_elf_hall_dome, uniq_roxanne
Vaults:1: nicolae_vaults_stairing_the_circle, hangedman_vaults_cutoff,
          grunt_vaults_trifunnel, ontoclasm_vaults_ligature, v_misc_8,
          vaults_room_hallway, nicolae_vaults_little_squares_6,
          vaults_mumra_chevron_long, hangedman_vaults_capsules, serial_shops,
          nicolae_shop_waterfront
Vaults:2: v_alt_pattern_1, nicolae_vaults_theta, nicolae_vaults_c_with_doors,
          v_alt_pattern_4, v_rooms_6, grunt_vaults_swirl, v_misc_24,
          hangedman_vaults_trim, nicolae_vaults_little_squares_2,
          nicolae_vaults_specimen_jars, hangedman_vaults_cutoff, v_pattern_1,
          v_alt_pattern_6, serial_shops, nicolae_shop_crystal, uniq_aizul,
          uniq_mara, uniq_boris
Vaults:3: minmay_crypt_entry_simple_walls, v_alt_pattern_5,
          ontoclasm_vaults_fault, nicolae_vaults_little_squares_4,
          nicolae_vaults_bisected_slash, vaults_room_stairs_pillars,
          nicolae_vaults_asterisk, v_misc_15, vaults_room_grid, v_misc_29,
          v_misc_4, v_alt_pattern_2, grunt_vaults_focal,
          nicolae_vaults_mini_display_case, v_misc_24, uniq_donald
Vaults:4: hangedman_vaults_cutoff, v_misc_5, hangedman_vaults_cutoff, st_cells,
          vaults_dpeg_ring, nicolae_vaults_little_ls
Depths:1: due_chaos_kobolds, hell_entry, minmay_shoptagon, firewood_loft,
          grunt_megastairs_4
Depths:2: minmay_the_grid_octo_tiled_octocenter, hangedman_decor_lopped,
          mu_enter_wizlab_1, grunt_metal_band, serial_sigils_hangedman_quiver,
          serial_bayou_shore_b, uniq_jorgrun
Depths:3: evilmike_silver_temple, enter_ziggurat_f, rand_demon_pan_entry_8,
          serial_sigils, serial_sigils_hangedman_shear,
          serial_sigils_hangedman_snap, serial_sigils_hangedman_gut,
          serial_sigils_hangedman_quiver, hell_entry, spider_trap, uniq_mennas
Depths:4: lemuel_river_lethe, hell_entry, abyss_entry
Depths:5: evilmike_zot_entry_hall, serial_co_window_serial, co_window_paths_b,
          co_window_paths_a, co_window_corner_a, co_window_corner_a,
          co_window_paths_a, co_window_corner_b, co_window_broadway_c,
          co_window_paths_c, co_window_cross_4, co_window_unsneaky_path_b,
          glass_columns_c, glass_columns_a, hell_entry, nrook_mini_backslash,
          grunt_decor_mini_mirrors, hex_tiny
Zot:1:    st_large_dragon_hoard_1
Zot:5:    st_stairs_1
Lab:      nicolae_lab_dead_adventurers, nicolae_lab_garden, nicolae_lab_x,
          labyrinth_skeletal_remains, nicolae_lab_swirl, labyrinth_fake_exit,
          nicolae_lab_t_cross
Trove:    trove_simple
IceCv:    ice_cave_statue_garden_chambered
WizLab:   wizlab_doroklohe

Skill      XL: |  1  2  3  4  5  6  7  8  9 10 11 12 13 14 15 16 17 18 19 20 21 22 23 24 25 26 |
---------------+-------------------------------------------------------------------------------+-----
Fighting       | 2 3 4 5 8 11 13 15 20 23 26 27 | 27.0
Axes           | 1 4 7 9 12 15 17 18 | 18.0
Shields        | 9 13 15 17 18 20 21 22 26 27 | 27.0
Armour         | 8 10 15 20 24 27 | 27.0
Dodging        | 8 10 17 | 17.9
Evocations     | 6 10 | 10.2
Short Blades   | |  1.1
Stealth        | |  2.4
Spellcasting   | |  1.3
Hexes          | |  2.0

Action                   |  1- 3 |  4- 6 |  7- 9 | 10-12 | 13-15 | 16-18 | 19-21 | 22-24 | 25-27 || total
-------------------------+-------+-------+-------+-------+-------+-------+-------+-------+-------++-------
Melee: Dagger            |   100 |   195 |    27 |       |       |       |       |       |       ||   322
       Headbutt          |     7 |    37 |    73 |   148 |   351 |   314 |   395 |   419 |   342 ||  2086
       Hand axe          |       |       |   406 |    65 |       |       |       |       |       ||   471
       Rapier            |       |       |    18 |       |       |       |       |       |       ||    18
       Unarmed           |       |       |     3 |       |       |       |       |       |       ||     3
       Whip              |       |       |       |   647 |   563 |       |       |       |       ||  1210
       Broad axe         |       |       |       |       |   893 |  1509 |  1819 |  2130 |  1105 ||  7456
       War axe           |       |       |       |       |   144 |     9 |       |       |       ||   153
Throw: Javelin           |       |     1 |       |       |       |       |       |       |       ||     1
       Throwing net      |       |       |       |       |       |       |     1 |       |       ||     1
Invok: Burn Spellbooks   |       |       |     1 |     3 |     3 |       |     4 |    15 |     3 ||    29
       Berserk           |       |       |       |     9 |    13 |     4 |     5 |     3 |     2 ||    36
       Trog's Hand       |       |       |       |     2 |     5 |     6 |     7 |    13 |     3 ||    36
       Brothers in Arms  |       |       |       |       |     1 |     3 |     3 |     1 |       ||     8
 Abil: Evoke Invisibilit |       |       |       |       |       |       |       |     4 |     2 ||     6
Evoke: Wand              |       |       |     8 |    21 |     8 |       |     2 |     1 |    13 ||    53
  Use: Scroll            |       |    12 |     5 |    20 |    15 |     7 |    15 |    20 |    16 ||   110
       Potion            |       |       |     5 |     5 |     1 |       |    10 |       |    18 ||    39
 Stab: Sleeping          |     1 |       |       |       |       |       |       |       |       ||     1
       Confused          |       |       |     4 |     5 |     3 |       |       |       |       ||    12
       Paralysed         |       |       |       |     3 |       |       |       |       |       ||     3
       Held in net/web   |       |       |       |       |       |     1 |       |       |       ||     1
       Distracted        |       |       |       |       |       |     1 |     5 |       |       ||     6
       Invisible         |       |       |       |       |       |       |     1 |     2 |    33 ||    36
       Petrifying        |       |       |       |       |       |       |       |     2 |       ||     2
       Petrified         |       |       |       |       |       |       |       |     2 |       ||     2
  Eat: Chunk             |     2 |     4 |    12 |    23 |    33 |    26 |    21 |    29 |     5 ||   155
       Fruit             |       |     4 |     5 |    12 |    13 |       |     9 |     9 |     4 ||    56
       Royal jelly       |       |       |       |     3 |     4 |     5 |     1 |       |     4 ||    17
       Meat ration       |       |       |       |     4 |     3 |     3 |     6 |     6 |     6 ||    28
Armor: Scale mail        |    40 |    37 |    59 |       |       |       |       |       |       ||   136
       Robe              |     4 |       |       |       |       |       |       |       |       ||     4
       Ring mail         |       |     9 |       |       |       |       |       |       |       ||     9
       Chain mail        |       |       |    68 |   170 |    30 |       |       |       |       ||   268
       Skin              |       |       |     9 |       |       |       |       |       |       ||     9
       Plate armour      |       |       |       |    26 |   262 |   433 |   360 |   403 |       ||  1484
       Gold dragon scale |       |       |       |       |       |       |       |   365 |   333 ||   698
Dodge: Dodged            |    50 |    62 |   169 |   149 |   132 |   303 |   345 |   798 |   352 ||  2360
Block: Shield            |       |       |       |   161 |       |       |       |       |       ||   161
       Large shield      |       |       |       |    27 |  1402 |  1721 |  1780 |  2846 |  1303 ||  9079
       Reflection        |       |       |       |       |    37 |    56 |   110 |   185 |    17 ||   405

Table legend:
 A = Spawn XP
 B = Non-spawn XP
 C = Spawn XP percentage of total XP
 D = Spawn monster count
 E = Non-spawn monster count
 F = Spawn count percentage of total count
 G = Total turns spent on level
                    A         B        C        D         E        F      G
               +---------+---------+-------+---------+---------+-------+---------
         Total |       0 | 1493788 |   0.0 |       0 |    2270 |   0.0 | 68997
               +---------+---------+-------+---------+---------+-------+---------
           D:1 |       0 |      24 |   0.0 |       0 |      11 |   0.0 |  1105
           D:2 |       0 |     123 |   0.0 |       0 |      22 |   0.0 |   711
           D:3 |       0 |     145 |   0.0 |       0 |      13 |   0.0 |   714
           D:4 |       0 |     379 |   0.0 |       0 |       8 |   0.0 |  1208
           D:5 |       0 |    2080 |   0.0 |       0 |      34 |   0.0 |  2723
           D:6 |       0 |    1021 |   0.0 |       0 |      30 |   0.0 |  1272
           D:7 |       0 |    1153 |   0.0 |       0 |      28 |   0.0 |  1763
           D:8 |       0 |    3858 |   0.0 |       0 |      25 |   0.0 |  1712
           D:9 |       0 |    1407 |   0.0 |       0 |      23 |   0.0 |  1168
          D:10 |       0 |    3495 |   0.0 |       0 |      43 |   0.0 |   972
          D:11 |       0 |    7253 |   0.0 |       0 |      43 |   0.0 |   990
          D:12 |       0 |   11092 |   0.0 |       0 |      64 |   0.0 |  2949
          D:13 |       0 |   13112 |   0.0 |       0 |      68 |   0.0 |  1462
          D:14 |       0 |    7641 |   0.0 |       0 |      37 |   0.0 |  1260
          D:15 |       0 |   13990 |   0.0 |       0 |      36 |   0.0 |  1318
        Lair:1 |       0 |    3137 |   0.0 |       0 |      21 |   0.0 |  2020
        Lair:2 |       0 |    8598 |   0.0 |       0 |      15 |   0.0 |  1054
        Lair:3 |       0 |    3728 |   0.0 |       0 |       9 |   0.0 |  1094
        Lair:4 |       0 |    5925 |   0.0 |       0 |      19 |   0.0 |  1181
        Lair:5 |       0 |    6344 |   0.0 |       0 |      23 |   0.0 |  1165
        Lair:6 |       0 |   17965 |   0.0 |       0 |      32 |   0.0 |  2431
      Shoals:1 |       0 |    9095 |   0.0 |       0 |      19 |   0.0 |   739
      Shoals:2 |       0 |   24029 |   0.0 |       0 |      42 |   0.0 |   970
      Shoals:3 |       0 |   23441 |   0.0 |       0 |      52 |   0.0 |  1014
      Shoals:4 |       0 |   47342 |   0.0 |       0 |      81 |   0.0 |  1282
      Spider:1 |       0 |   20081 |   0.0 |       0 |      44 |   0.0 |   740
      Spider:2 |       0 |   12389 |   0.0 |       0 |      41 |   0.0 |  1148
      Spider:3 |       0 |   17250 |   0.0 |       0 |      44 |   0.0 |   870
      Spider:4 |       0 |   37779 |   0.0 |       0 |      83 |   0.0 |  1413
         Orc:1 |       0 |    6283 |   0.0 |       0 |      60 |   0.0 |   603
         Orc:2 |       0 |   22834 |   0.0 |       0 |      53 |   0.0 |   875
         Elf:1 |       0 |   14944 |   0.0 |       0 |      34 |   0.0 |   576
         Elf:2 |       0 |   36282 |   0.0 |       0 |      48 |   0.0 |  1273
         Elf:3 |       0 |   45453 |   0.0 |       0 |      46 |   0.0 |  1411
      Vaults:1 |       0 |   58013 |   0.0 |       0 |     109 |   0.0 |  1532
      Vaults:2 |       0 |   61329 |   0.0 |       0 |      74 |   0.0 |  1681
      Vaults:3 |       0 |   48189 |   0.0 |       0 |      76 |   0.0 |  1516
      Vaults:4 |       0 |   99956 |   0.0 |       0 |     110 |   0.0 |  2211
      Vaults:5 |       0 |  113219 |   0.0 |       0 |      98 |   0.0 |  1468
      Depths:1 |       0 |   34737 |   0.0 |       0 |      44 |   0.0 |  1399
      Depths:2 |       0 |   75768 |   0.0 |       0 |      74 |   0.0 |  1808
      Depths:3 |       0 |   55837 |   0.0 |       0 |      60 |   0.0 |  1800
      Depths:4 |       0 |   63187 |   0.0 |       0 |     107 |   0.0 |  2194
      Depths:5 |       0 |   57886 |   0.0 |       0 |      45 |   0.0 |  1772
         Zot:1 |       0 |   34712 |   0.0 |       0 |      21 |   0.0 |  1104
         Zot:2 |       0 |   46206 |   0.0 |       0 |      31 |   0.0 |   633
         Zot:3 |       0 |   57908 |   0.0 |       0 |      39 |   0.0 |   983
         Zot:4 |       0 |   57224 |   0.0 |       0 |      37 |   0.0 |  1078
         Zot:5 |       0 |  175288 |   0.0 |       0 |      53 |   0.0 |  1054
           Lab |       0 |    3055 |   0.0 |       0 |      11 |   0.0 |  1133
         IceCv |       0 |    4234 |   0.0 |       0 |      12 |   0.0 |  1646
        WizLab |       0 |   17368 |   0.0 |       0 |      18 |   0.0 |   600
               +---------+---------+-------+---------+---------+-------+---------
